 Dungeon Crawl Stone Soup version 0.30-a0-793-g160f7cfddd (webtiles) character file.

Game seed: 297836000944299315

92 Esekla the Sneak (level 4, 0/31 HPs)
             Began as an Octopode Delver on Feb 19, 2023.
             Slain by an orc
             ... wielding a +0 club
              (3 damage)
             ... on level 5 of the Dungeon.
             The game lasted 00:07:06 (996 turns).

Esekla the Sneak (Octopode Delver)                   Turns: 996, Time: 00:07:07

Health: 0/31       AC:  1    Str: 11    XL:     4   Next: 60%
Magic:  5/5        EV: 13    Int: 14    God:
Gold:   23         SH:  0    Dex: 13    Spells: 5/5 levels left

rFire   . . .      SeeInvis .    a - +0 falchion
rCold   . . .      Faith    .    (no shield)
rNeg    . . .      Spirit   .    (helmet restricted)
rPois   .          Reflect  .    (no amulet)
rElec   .          Harm     .    (no ring)
rCorr   .          Rampage  .    (no ring)
Will    .....                    (no ring)
Stlth   +++++                    (no ring)
HPRegen 0.25/turn                (no ring)
MPRegen 0.09/turn                (no ring)
                                 (no ring)
                                 (no ring)

@: lethally poisoned (0 -> -8)
A: almost no armour, amphibious, 8 rings, camouflage 1, gelatinous body 1,
(nimble swimmer 1), tentacles
a: no special abilities


You were on level 5 of the Dungeon.
You visited 2 branches of the dungeon, and saw 2 of its levels.

You collected 23 gold pieces.

Inventory:

Hand Weapons
 a - a +0 falchion (weapon)
Missiles
 d - 2 curare-tipped darts (quivered)
Wands
 f - a wand of digging (3)
Scrolls
 b - a scroll of fog
 c - a scroll of identify {unknown}
 e - a scroll of enchant weapon {unknown}


   Skills:
 * Level 3.4 Fighting
 * Level 2.5 Long Blades
 * Level 2.5 Dodging
 + Level 7.6 Stealth
 * Level 1.1 Spellcasting


You had 5 spell levels left.
You didn't know any spells.
Your spell library contained the following spells:

 Spells                   Type           Power      Damage    Failure   Level
 Animate Dead             Necr           0%         N/A       95%         4
 Borgnjor's Vile Clutch   Necr/Erth      0%         N/A       100%        5
 Death Channel            Necr           0%         N/A       100%        6


Dungeon Overview and Level Annotations

Branches:
Dungeon (5/15)             Temple (1/1) D:5

Altars:
Ashenzari
Cheibriados
Dithmenos
Elyvilon
Kikubaaqudgha
Makhleb
Nemelex Xobeh
Qazlal
Ru
Trog
Vehumet
Wu Jian
Yredelemnul
Zin
The Shining One


Innate Abilities, Weirdness & Mutations

You cannot wear most types of armour.
You are amphibious.
You can wear up to eight rings at the same time.
Your skin changes colour to match your surroundings (Stealth+).
Your rubbery body absorbs attacks. (AC +1, EV +1)
((You are camouflaged when in or above water. (Stealth+)))
You have tentacles for arms and can constrict up to eight enemies at once.


Message History

a +0 spear; a gnoll corpse You open the door.
The steam dragon breathes steam at you. The ball of steam misses you.
The steam dragon breathes steam at you. The ball of steam hits you!
You are engulfed in a cloud of scalding steam.
The steam dragon closely misses you. The steam dragon claws you.
You are engulfed in a cloud of scalding steam.
Really wriggle into that cloud of steam?
You are engulfed in a cloud of scalding steam.
* * * LOW HITPOINT WARNING * * *
Things that are here:
a +0 spear; a gnoll corpse
There is an open door here.
You close the door.
You see here a +0 club.
Your extra speed is starting to run out.
You see here a scroll labelled UCEASE MECSEROESH.
e - a scroll labelled UCEASE MECSEROESH You feel yourself slow down.
There is an open door here.
You close the door.
An orc opens the door.
The gnoll closely misses you. The gnoll barely misses you.
You hit the gnoll. You grab the gnoll. You squeeze the gnoll.
The gnoll is severely wounded.
You constrict the gnoll, but do no damage.
The gnoll hits you with a +0 whip of venom.
You are lethally poisoned!
The gnoll hits you with a +0 whip of venom.
* * * LOW HITPOINT WARNING * * *
You barely miss the orc. Your grab misses the orc. You squeeze the orc.
The orc is moderately wounded.
You constrict the gnoll.
* * * LOW HITPOINT WARNING * * *
You feel very sick. The orc hits you with a +0 club.
You die...

*,,,,#.####....##....#,,,...
*,,,,.....#....##....#####..
**,,,,,,*#......##...........
*,,,,,****#..................
*,,,,** ##....###..........
*,,,,* ####'######..........
****** #.........'..........
#...go#####..........
#...@..# ####.#..###
#####......# #...## #
#..........# #o.#####
####.########## #..#...#
##....# #.....## #..####
#...#### #.## #..## #8
#####.###### #...####
...#...#...# #.....##


You could see a gnoll and an orc.

Vanquished Creatures
  A hound (D:5)
  An iguana (D:5)
  2 gnolls (D:5)
  An adder (D:5)
  A white imp (D:5)
6 creatures vanquished.

Notes
Turn   | Place    | Note
-------+----------+-------------------------------------------
     0 | D:5      | Esekla the Octopode Delver began the quest for the Orb.
     0 | D:5      | Reached XP level 1. HP: 16/16 MP: 1/1
    39 | D:5      | Reached XP level 2. HP: 16/21 MP: 2/2
    66 | D:5      | Reached skill level 7 in Stealth
    66 | D:5      | Reached XP level 3. HP: 3/26 MP: 2/4
   338 | D:5      | Found a staircase to the Ecumenical Temple.
   343 | Temple   | Entered the Ecumenical Temple
   418 | D:5      | Reached skill level 1 in Spellcasting
   418 | D:5      | Reached XP level 4. HP: 21/31 MP: 5/5
   912 | D:5      | Noticed a steam dragon
   926 | D:5      | Found a basalt altar of Yredelemnul.
   926 | D:5      | Found a glowing silver altar of Zin.
   927 | D:5      | Found a shadowy altar of Dithmenos.
   996 | D:5      | Slain by an orc

Illustrated notes

Levels and vault maps discovered:
D:5:      layout_basic, fedhas_altar_4, gammafunk_temple_overflow_claw,
          minmay_temple_entry_nine_rooms, serial_shops, shop
Temple:   nicolae_temple_hex_pool

Skill      XL: |  1  2  3 |
---------------+----------+-----
Stealth        | 7 |  7.6
Spellcasting   | 1 |  1.1
Fighting       | |  3.4
Long Blades    | |  2.5
Dodging        | |  2.5

Action                     |  1- 3 |  4- 6 || total
---------------------------+-------+-------++-------
  Melee: Falchion          |    11 |     7 ||    18
         Tentacles         |     5 |     4 ||     9
         Constrict         |     4 |     2 ||     6
    Use: Scroll            |     2 |       ||     2
         Potion            |       |     1 ||     1
  Dodge: Dodged            |     6 |    12 ||    18

Table legend: (Time is in decaauts)
 A = Elapsed time spent in this place.
 B = Non-inter-level travel time spent in this place.
 C = Inter-level travel time spent in this place.
 D = Time resting spent in this place.
 E = Time spent auto-exploring this place.
 F = Levels seen in this place.
 G = Mean time per level.
                   A        B        C        D        E       F      G
               +--------+--------+--------+--------+--------+-----+--------+
         Total |    982 |    975 |      7 |    531 |     53 |   2 |  491.0 |
       Dungeon |    538 |    537 |      1 |    161 |      0 |   1 |  538.0 |
        Temple |    444 |    438 |      6 |    370 |     53 |   1 |  444.0 |
               +--------+--------+--------+--------+--------+-----+--------+

Top non-repeatable levels by time:
     D:5: 538 daAuts
  Temple: 444 daAuts
